 Dungeon Crawl Stone Soup version 0.20-a0-495-g2241292 (webtiles) character file.

2098 penismuncher the Carver (level 9, -3/63 HPs)
             Began as a Demonspawn Fighter on Jan 19, 2017.
             Was a Believer of Okawaru.
             Slain by an ogre
             ... wielding a cursed -1 giant club
              (14 damage)
             ... on level 8 of the Dungeon.
             The game lasted 00:05:43 (5110 turns).

penismuncher the Carver (Demonspawn Fighter)        Turns: 5110, Time: 00:05:44

Health: -3/63      AC: 11    Str: 22    XL:     9   Next: 7%
Magic:  14/14      EV:  7    Int: 11    God:    Okawaru [**....]
Gold:   327        SH:  9    Dex: 14    Spells: 8/8 levels left

rFire    . . .     SeeInvis .   z - -1 short sword (curse)
rCold    + + .     Gourm    .   b - +0 scale mail
rNeg     . . .     Faith    .   c - +0 shield
rPois    .         Spirit   .   (helmet restricted)
rElec    .         Reflect  .   y - +0 cloak
rCorr    .         Harm     .   (no gloves)
MR       .....                  (no boots)
Stlth    ..........             n - amulet of regeneration
Regen    0.6/turn               (no ring)
                                q - ring of protection from cold

@: mighty, lethally poisoned (-3 -> -4)
A: antennae 1, talons 1, icy blue scales 3, blink, high mp 1, spiny 2
a: Blink, Heroism, Renounce Religion


You were on level 8 of the Dungeon.
You worshipped Okawaru.
Okawaru was pleased with you.
You were not hungry.

You visited 1 branch of the dungeon, and saw 8 of its levels.

You collected 327 gold pieces.

Inventory:

Hand Weapons
 a - a +0 long sword
 p - a +3 dagger of venom
 x - a +3 dagger of freezing
 z - a cursed -1 short sword (weapon)
Armour
 b - a +0 scale mail (worn)
 c - a +0 shield (worn)
 y - a +0 cloak (worn)
Jewellery
 n - an amulet of regeneration (around neck)
 q - a ring of protection from cold (left hand)
 r - an uncursed ring of protection from magic {unknown}
Wands
 o - a wand of random effects (39/48)
 A - a wand of flame (32/48)
Scrolls
 h - 3 scrolls of teleportation
 i - 6 scrolls of identify
 m - a scroll of recharging
 B - a scroll of amnesia
Potions
 e - 4 potions of heal wounds {unknown}
 s - 2 potions of curing {unknown}
 t - a potion of flight {unknown}
 u - a potion of magic {unknown}
 w - a potion of degeneration {unknown}
Comestibles
 f - 5 bread rations
 g - 3 meat rations
 j - 2 chunks of flesh
 k - 2 slices of pizza
 l - a royal jelly
 v - 2 beef jerkies


   Skills:
 - Level 3.0 Fighting
 + Level 10.3 Long Blades
 - Level 2.6 Armour
 + Level 2.6 Shields
 * Level 5.3 Invocations


You had 8 spell levels left.
You didn't know any spells.

Dungeon Overview and Level Annotations

Branches:
Dungeon (8/15)             Temple (0/1) D:6
   Lair: D:8-11

Altars:
Ashenzari
Cheibriados
Dithmenos
Fedhas
Gozag
Nemelex Xobeh
Okawaru
Uskayaw
Vehumet


Innate Abilities, Weirdness & Mutations

You have sharp toenails.
You are completely covered in icy blue scales. (AC +4, rC+)
You are mostly covered in sharp spines.
You have a pair of small antennae on your head.
You can translocate small distances at will.
You have an increased reservoir of magic. (+10% MP)


Message History

The ogre is moderately wounded.
You block the ogre's attack.
Your shield and scale mail prevent you from hitting the ogre.
The ogre is moderately wounded.
You barely miss the ogre. You claw the ogre, but do no damage.
The ogre is moderately wounded.
The ogre hits you with a giant club!
* * * LOW HITPOINT WARNING * * *
You barely miss the ogre. You claw the ogre.
The ogre is moderately wounded.
You feel sick. The ogre is struck by your spines. The ogre closely misses you.
You feel sick.
You feel very mighty all of a sudden. You block the ogre's attack.
You hit the ogre. You claw the ogre.
The ogre is almost dead.
Your shield prevents you from hitting the ogre.
The ogre is almost dead.
The ogre hits you with a giant club!
You die...

#.#
#†# ..
#†# #.
#.#
#.#
#.# ..
#.#
#.##.#
.y#.#
#.#@#
#.#O#
#..y#
##..#
#..#
##.#
#.#
#.$
#.>.


You could see an ogre and a killer bee.

Vanquished Creatures
  The ghost of penismuncher the Slasher, an amateur DsFi (D:3)
  A spriggan (D:7)
  The ghost of Paprika the Skirmisher, an amateur DsAK of Lugonu (D:4)
  A sky beast (D:5)
  2 phantoms (D:5)
  3 bullfrogs
  Blork the orc (D:5)
  5 killer bees (D:8)
  2 howler monkeys
  A centaur zombie (D:6)
  2 hounds (D:5)
  A quasit (D:5)
  A crimson imp (D:8)
  2 orc priests
  4 bullfrog skeletons
  3 orc wizards
  A gnoll shaman (D:6)
  An iguana (D:5)
  2 worker ants (D:5)
  A hound zombie (D:5)
  6 gnolls (D:6)
  7 adders
  2 oozes
  6 worms
  A dart slug (D:4)
  6 leopard geckos
  10 orcs
  6 bats
  6 giant cockroaches
  9 goblins
  10 hobgoblins
  10 jackals
  A quokka (D:5)
  A ball python (D:1)
  9 frilled lizards
  9 kobolds
  5 rats
140 creatures vanquished.

Notes
Turn   | Place    | Note
-------+----------+-------------------------------------------
     0 | D:1      | penismuncher the Demonspawn Fighter began the quest for the Orb.
     0 | D:1      | Reached XP level 1. HP: 18/18 MP: 1/1
    40 | D:1      | Reached skill level 2 in Long Blades
   161 | D:1      | Gained mutation: You are partially covered in icy blue scales. (AC +2) [demonic ancestry]
   161 | D:1      | Reached XP level 2. HP: 24/24 MP: 2/2
   320 | D:1      | Reached skill level 3 in Long Blades
   666 | D:2      | Gained mutation: You are partially covered in sharp spines. [demonic ancestry]
   666 | D:2      | Reached XP level 3. HP: 27/29 MP: 3/3
   829 | D:2      | Reached XP level 4. HP: 24/35 MP: 4/4
   834 | D:2      | Reached skill level 4 in Long Blades
  1618 | D:3      | Noticed penismuncher's ghost (amateur DsFi)
  1646 | D:3      | Killed penismuncher's ghost
  1646 | D:3      | Reached skill level 6 in Long Blades
  1646 | D:3      | Gained mutation: You are mostly covered in sharp spines. [demonic ancestry]
  1646 | D:3      | Reached XP level 5. HP: 28/41 MP: 5/5
  1646 | D:3      | Gained mutation: You are mostly covered in icy blue scales. (AC +3) [demonic ancestry]
  1646 | D:3      | Reached XP level 6. HP: 32/47 MP: 6/6
  2342 | D:4      | Found a blossoming altar of Fedhas.
  2460 | D:4      | Noticed Paprika's ghost (amateur DsAK)
  2476 | D:4      | Killed Paprika's ghost
  2476 | D:4      | Reached skill level 7 in Long Blades
  2476 | D:4      | Gained mutation: You are completely covered in icy blue scales. (AC +4, rC+) [demonic ancestry]
  2476 | D:4      | Reached XP level 7. HP: 26/52 MP: 7/7
  2803 | D:4      | Found an iron altar of Okawaru.
  2986 | D:4      | Became a worshipper of Warmaster Okawaru
  3001 | D:5      | Entered Level 5 of the Dungeon
  3033 | D:5      | Reached skill level 1 in Invocations
  3055 | D:5      | Noticed Blork the orc
  3065 | D:5      | Killed Blork the orc
  3113 | D:5      | Found a shattered altar of Ashenzari.
  3203 | D:5      | Reached skill level 8 in Long Blades
  3344 | D:5      | Reached * piety under Okawaru
  3418 | D:5      | Gained mutation: You have sharp toenails. [demonic ancestry]
  3418 | D:5      | Reached XP level 8. HP: 53/58 MP: 10/10
  3521 | D:5      | Gained mutation: You can translocate small distances at will. [mutagenic meat]
  3522 | D:5      | Gained mutation: You have a pair of small antennae on your head. [mutagenic meat]
  3523 | D:5      | Gained mutation: You have an increased reservoir of magic. (+10% MP) [mutagenic meat]
  3554 | D:5      | Reached skill level 9 in Long Blades
  4061 | D:6      | Found a snail-covered altar of Cheibriados.
  4061 | D:6      | Found a radiant altar of Vehumet.
  4066 | D:6      | Found a sparkling altar of Nemelex Xobeh.
  4068 | D:6      | Found a hide-covered altar of Uskayaw.
  4070 | D:6      | Found an opulent altar of Gozag.
  4382 | D:6      | Found a staircase to the Ecumenical Temple.
  4487 | D:6      | Found a shadowy altar of Dithmenos.
  4876 | D:7      | Reached ** piety under Okawaru
  4876 | D:7      | Reached skill level 10 in Long Blades
  5071 | D:8      | Reached skill level 5 in Invocations
  5077 | D:8      | Reached XP level 9. HP: 55/63 MP: 12/14
  5110 | D:8      | Slain by an ogre

Vault maps used:
D:1:      wheals_arrival_shading
D:3:      first_bread
D:4:      kennysheep_mini, fedhas_altar_3
D:5:      kennysheep_six_static_rooms, st_stairs_9, ashenzari_altar_1,
          uniq_blork_the_orc
D:6:      grunt_dithmenos_smoke_and_mirrors,
          chequers_temple_overflow_minitemple, kennysheep_small_circle
D:7:      the_bakery, xom_teletrap_fun
D:8:      lemuel_crystal_altar, erik_lair_orcish_takeover, uniq_erica,
          uniq_joseph, uniq_grum

Skill      XL: |  1  2  3  4  5  6  7  8 |
---------------+-------------------------+-----
Long Blades    | 2 3 6 7 8 10 | 10.3
Invocations    | 2 5 |  5.3
Fighting       | |  3.0
Armour         | |  2.6
Shields        | |  2.6

Action                   |  1- 3 |  4- 6 |  7- 9 || total
-------------------------+-------+-------+-------++-------
Melee: Long sword        |    99 |   139 |    57 ||   295
       Short sword       |       |       |   173 ||   173
       Kick              |       |       |    53 ||    53
  Use: Potion            |       |     1 |     2 ||     3
       Scroll            |       |       |     8 ||     8
  Eat: Chunk             |       |     5 |    12 ||    17
Armor: Scale mail        |    44 |    43 |    97 ||   184
Dodge: Dodged            |    29 |    26 |    43 ||    98
Block: Shield            |    57 |    66 |    80 ||   203
       Rpst.: Long sword |     9 |    11 |     3 ||    23
